AoeStats
← Ken

Black Forest

507963285Analyzed
4v4 RM · 12d ago on Sep 20, 2026· 40m 5s· 8 players
Game mode
Random Map
Map size
Large (8 player)
Population
200
Speed
Normal
Resources
Standard
Victory
Conquest
Starting age
Dark Age
Ending age
Imperial Age
RankedLock teamsTeams togetherTeam positionsShared explorationLock speedFull tech treeHidden civsTurbo modeCheats
Victory
Defeat
1067
+13
🇻🇳 Franks · Vietnam
1066
+13
🇨🇳 Franks · China
1025
+15
🇻🇳 Britons · Vietnam
1002
+16
🇺🇦 Japanese · Ukraine
1085
-19
🇩🇪 Vietnamese · Germany
1001
-14
🇺🇸 Inca · United States
996
-14
🇩🇪 Teutons · Germany
900
-10
Ken
1:07 Loom
11:00 Feudal Age
11:06 Feudal Age
13:42 Double-Bit Axe
16:12 Castle Age
17:19 Bow Saw
23:21 Wheelbarrow
23:54 Stone Mining
23:55 Gold Mining
25:53 Hand Cart
29:46 Imperial Age
28:14 Scale Barding Armor
28:19 Forging
29:16 Chain Barding Armor
30:13 Husbandry
30:50 Iron Casting
31:32 Gold Shaft Mining
31:26 Conscription
31:42 Cavalier
34:32 Plate Barding Armor
34:57 Blast Furnace
35:08 Caravan
36:51 Paladin
38:27 Murder Holes
38:55 Ballistics
39:11 Scale Mail Armor
39:01 Fletching
39:11 Padded Archer Armor
40:16 Chemistry
phaple295
1:33 Loom
12:46 Feudal Age
18:07 Castle Age
16:02 Double-Bit Axe
17:07 Gold Mining
17:12 Horse Collar
19:35 Wheelbarrow
20:48 Gold Shaft Mining
22:16 Stone Mining
22:39 Bow Saw
24:30 Hand Cart
30:31 Imperial Age
28:56 Town Watch
29:17 Heavy Plow
32:20 Two-Man Saw
31:18 Fletching
31:29 Padded Archer Armor
32:18 Town Patrol
32:16 Bodkin Arrow
33:32 Conscription
33:18 Bracer
33:34 Leather Archer Armor
33:32 Caravan
35:36 Ring Archer Armor
37:08 Elite Longbowman
38:54 Elite Skirmisher
39:04 Pikeman
39:45 Squires
39:31 Arson
39:56 Halberdier
40:38 Scale Mail Armor
40:49 Forging
halong1301
1:06 Loom
11:52 Feudal Age
14:03 Double-Bit Axe
16:23 Castle Age
17:46 Bow Saw
21:25 Stone Mining
23:52 Gold Mining
26:02 Gold Shaft Mining
27:50 #83
28:44 Caravan
32:35 Imperial Age
30:33 Scale Mail Armor
31:55 Chain Mail Armor
31:51 Forging
32:53 Elite Throwing Axeman
34:56 Plate Mail Armor
35:02 Iron Casting
35:43 Gambesons
35:59 Squires
35:47 Arson
35:23 Pikeman
38:55 Blast Furnace
37:56 Halberdier
39:53 Scale Barding Armor
如果智慧有颜色
0:31 Loom
13:25 Feudal Age
14:02 Horse Collar
14:13 Double-Bit Axe
18:03 Castle Age
19:07 Bow Saw
19:35 Heavy Plow
23:38 Wheelbarrow
23:35 Town Watch
25:12 Stone Mining
25:26 Gold Mining
26:45 Hand Cart
28:32 Fletching
28:43 Padded Archer Armor
29:52 Bodkin Arrow
30:12 Leather Archer Armor
30:23 Ballistics
30:14 Masonry
33:40 Imperial Age
32:54 Silk Road
33:06 Treadmill Crane
33:21 Murder Holes
35:51 Two-Man Saw
35:24 Crop Rotation
35:57 Chemistry
35:28 Architecture
35:01 Bracer
35:31 Ring Archer Armor
35:15 Guilds
35:06 Caravan
35:09 Town Patrol
35:27 Pirotechnia
35:42 Conscription
35:33 Pirotechnia
36:00 Hoardings
36:54 Stone Shaft Mining
37:16 Elite Genoese Crossbowman
Jared G
0:34 Loom
12:01 Feudal Age
18:17 Castle Age
17:10 Double-Bit Axe
17:06 Horse Collar
17:28 Horse Collar
18:35 Wheelbarrow
19:19 Bow Saw
22:38 Fortified Wall
25:15 Squires
26:06 Heavy Plow
28:23 Hand Cart
32:14 Imperial Age
30:13 Ballistics
30:06 Forging
30:07 Gold Mining
30:08 Stone Mining
31:33 Iron Casting
30:59 Scale Mail Armor
30:50 Fletching
31:04 Murder Holes
31:12 Town Watch
31:52 Caravan
33:57 Blast Furnace
32:20 Capped Ram
33:23 Conscription
34:15 Chain Mail Armor
34:05 Fabric Shields
35:05 Siege Ram
36:55 Crop Rotation
36:32 Bodkin Arrow
37:11 Elite Kamayuk
39:37 Plate Mail Armor
GAmERzLike
1:43 Loom
12:09 Feudal Age
16:21 Castle Age
14:45 Double-Bit Axe
14:42 Horse Collar
17:15 Wheelbarrow
18:11 Heavy Plow
18:33 Bow Saw
23:48 Hand Cart
24:48 Gold Mining
24:50 Stone Mining
24:48 Town Watch
26:33 Stone Shaft Mining
26:55 Fletching
27:06 Padded Archer Armor
31:16 Imperial Age
28:47 Bodkin Arrow
30:08 Ballistics
30:01 Fortified Wall
29:31 Treadmill Crane
29:47 Murder Holes
30:17 Leather Archer Armor
31:10 Scale Barding Armor
31:16 Forging
32:19 Chain Barding Armor
32:02 Bracer
32:32 Ring Archer Armor
32:23 Thumb Ring
32:30 Bloodlines
32:21 Husbandry
34:20 Chemistry
32:55 Elite Rattan Archer
33:32 Elite Skirmisher
35:05 Plate Barding Armor
35:06 Iron Casting
35:06 Crop Rotation
35:44 Two-Man Saw
37:07 Elite Battle Elephant
38:10 Siege Engineers
40:02 Chatras
VeryOldNoob
11:52 Feudal Age
13:31 Loom
16:47 Castle Age
15:27 Double-Bit Axe
15:27 Horse Collar
16:49 Wheelbarrow
17:32 Bloodlines
24:47 Scale Barding Armor
24:53 Forging
25:39 Bow Saw
33:39 Imperial Age
32:38 Chain Barding Armor
32:54 Iron Casting
34:43 Cavalier
37:30 Chemistry
36:37 Siege Engineers
39:50 Blast Furnace
39:26 Plate Barding Armor
sparttanez
1:02 Loom
12:47 Feudal Age
16:24 Castle Age
14:13 Double-Bit Axe
14:11 Horse Collar
17:26 Wheelbarrow
17:19 Bow Saw
17:14 Heavy Plow
19:04 Gold Mining
22:35 Squires
23:28 Gold Shaft Mining
23:12 Scale Mail Armor
23:16 Squires
23:05 Gambesons
25:10 Forging
24:48 Gambesons
26:36 Chain Mail Armor
26:57 Iron Casting
28:33 Hand Cart
28:03 Town Watch
29:18 Padded Archer Armor
29:09 Fletching
29:15 Stone Mining
32:01 Caravan
32:45 Bodkin Arrow
33:47 Leather Archer Armor
33:43 Thumb Ring
35:24 Pikeman
Connection lost

Rejoining the realm…

Still unreachable

The connection could not be restored.

Session expired

The server has moved on; the page needs a fresh start.